 Dungeon Crawl Stone Soup version 0.20-a0-351-gc9b4002 (webtiles) character file.

891 HAL9000 the Vexing (level 8, 0/36 HPs)
             Began as a Vine Stalker Enchanter on Dec 25, 2016.
             Was an Initiate of Dithmenos.
             Slain by Prince Ribbit (14 damage)
             ... on level 6 of the Dungeon.
             The game lasted 00:14:03 (5758 turns).

HAL9000 the Vexing (Vine Stalker Enchanter)         Turns: 5758, Time: 00:14:03

Health: 0/36       AC:  6    Str: 12    XL:     8   Next: 6%
Magic:  0/12       EV: 12    Int: 16    God:    Dithmenos [......]
Gold:   292        SH:  0    Dex: 15    Spells: 5/11 levels left

rFire  . . .     SeeInvis .     a - +2 dagger
rCold  . . .     Gourm    .     b - +2 robe
rNeg   . . .     Faith    .     (no shield)
rPois  .         Spirit   +     F - +0 hat
rElec  .         Reflect  .     B - +0 cloak
rCorr  +         Harm     .     y - +0 pair of gloves (curse)
MR     +....                    (no boots)
Stlth  ++........               n - amulet of inaccuracy (curse)
                                (no ring)
                                o - ring of resist corrosion

@: no status effects
A: fangs 3, regeneration 1, magic shield, antimagic bite, no device heal 3, rot
immunity
a: Renounce Religion


You were on level 6 of the Dungeon.
You worshipped Dithmenos.
Dithmenos was noncommittal.
You were very hungry.

You visited 2 branches of the dungeon, and saw 7 of its levels.

You collected 292 gold pieces.

Inventory:

Hand Weapons
 a - a +2 dagger (weapon)
Missiles
 i - 13 javelins (quivered)
Armour
 b - a +2 robe (worn)
 y - a cursed +0 pair of gloves (worn)
 B - a +0 cloak (worn)
 C - a +0 pair of gloves
 F - a +0 hat (worn)
Jewellery
 n - a cursed amulet of inaccuracy (around neck)
 o - a ring of resist corrosion (left hand)
 H - an uncursed ring of poison resistance {unknown}
Scrolls
 e - a scroll of recharging
 l - 6 scrolls of identify
 p - 2 scrolls of enchant weapon
 r - 4 scrolls of amnesia
 u - 2 scrolls of enchant armour
 x - 2 scrolls of teleportation
Potions
 h - a potion of invisibility {unknown}
 j - a potion of agility {unknown}
 k - 2 potions of curing {unknown}
 q - a potion of lignification {unknown}
 t - 3 potions of might {unknown}
 v - a potion of haste {unknown}
 z - 3 potions of flight {unknown}
 D - a potion of cure mutation {unknown}
 G - a potion of degeneration {unknown}
Books
 c - a book of Maledictions

   Spells                             Type                      Level
   a - Corona                         Hexes                        1
   b - Ensorcelled Hibernation        Hexes/Ice                    2
   c - Confuse                        Hexes                        3
   d - Tukima's Dance                 Hexes                        3
   e - Dazzling Spray                 Conjuration/Hexes            3
Comestibles
 d - 6 bread rations
 f - 2 meat rations
 m - a slice of pizza


   Skills:
 + Level 4.7 Short Blades
 - Level 1.5 Dodging
 - Level 3.6 Stealth
 - Level 2.1 Spellcasting
 * Level 7.7 Hexes


You had 5 spell levels left.
You knew the following spells:

 Your Spells              Type           Power        Failure   Level  Hunger
a - Corona                Hex            ####...      1%          1    #......
x - Confuse               Hex            ####....     2%          3    ###....
z - Ensorcelled Hibernat  Hex/Ice        ##....       10%         2    ###....


Dungeon Overview and Level Annotations

Branches:
Dungeon (6/15)             Temple (1/1) D:4

Altars:
Ashenzari
Cheibriados
Dithmenos
Elyvilon
Fedhas
Gozag
Hepliaklqana
Kikubaaqudgha
Makhleb
Nemelex Xobeh
Okawaru
Qazlal
Ru
Sif Muna
Trog
Uskayaw
Vehumet
Xom
Yredelemnul
Zin
The Shining One

Annotations:
D:4 Vesto's ghost, weakling MiFi
D:6 Prince Ribbit


Innate Abilities, Weirdness & Mutations

You have razor-sharp teeth.
Your natural rate of healing is unusually fast.
When hurt, damage is shared between your health and your magic reserves.
Your bite disrupts and absorbs the magic of your enemies.
Potions cannot restore your health.
You are immune to rotting.


Message History

Prince Ribbit is heavily wounded.
Prince Ribbit hits you!
Casting: Confuse
Confirm with . or Enter, or press ? or * to list all spells.
Aiming: Confuse
Press: ? - help, Shift-Dir - straight line, f - Prince Ribbit
Aim: Prince Ribbit (heavily wounded, chance to defeat MR: 37%) Prince Ribbit resists with some effort.
You are feeling very hungry.
Prince Ribbit hits you!
Casting: Confuse
Confirm with . or Enter, or press ? or * to list all spells.
You don't have enough magic to cast that spell.
Unknown command.
You hit Prince Ribbit. Your bite misses Prince Ribbit.
Prince Ribbit is severely wounded.
Prince Ribbit hits you.
Unknown command.
Prince Ribbit hits you!
You die...

... ### #.#
#.. #.# #.#
#.# #F# #.#
#.# #.# #.#
#.###F##
#@##...#
#.F..#....#
####......#
.#.#..## ..
.#.... ..
.#.#### #.#
.#.# #. .#


You could see Prince Ribbit.

Vanquished Creatures
  3 phantoms
  2 ogres
  A centaur (D:5)
  2 hounds
  2 jellies (D:5)
  A bullfrog zombie (D:5)
  An orc wizard (D:4)
  A worker ant (D:5)
  5 adders
  A shadow imp (D:5)
  3 oozes
  An adder skeleton (D:3)
  2 dart slugs (D:1)
  A worm (D:3)
  4 leopard geckos
  6 orcs
  14 bats
  5 giant cockroaches
  12 hobgoblins
  4 jackals (D:2)
  6 kobolds
  6 quokkas
  A ball python (D:2)
  4 frilled lizards
  9 goblins
  A jackal skeleton (D:4)
  A quokka skeleton (D:6)
  7 rats
106 creatures vanquished.

Notes
Turn   | Place    | Note
-------+----------+-------------------------------------------
     0 | D:1      | HAL9000 the Vine Stalker Enchanter began the quest for the Orb.
     0 | D:1      | Reached XP level 1. HP: 9/9 MP: 4/4
    21 | D:1      | Reached skill level 1 in Short Blades
    49 | D:1      | Reached XP level 2. HP: 10/13 MP: 3/6
   318 | D:1      | Learned a level 2 spell: Ensorcelled Hibernation
   602 | D:1      | Reached XP level 3. HP: 5/16 MP: 4/7
   789 | D:1      | Learned a level 3 spell: Confuse
  1475 | D:1      | Reached skill level 4 in Hexes
  1712 | D:2      | Gained mutation: Your natural rate of healing is unusually fast. [Vine Stalker growth]
  1712 | D:2      | Reached XP level 4. HP: 21/21 MP: 5/8
  2061 | D:2      | Found a shimmering altar of Xom.
  2770 | D:3      | Reached XP level 5. HP: 24/24 MP: 9/9
  3098 | D:4      | Noticed a phantom
  3319 | D:4      | Reached skill level 5 in Hexes
  3606 | D:4      | Killed a phantom
  3606 | D:4      | Reached XP level 6. HP: 28/28 MP: 4/10
  3611 | D:4      | Found a staircase to the Ecumenical Temple.
  3666 | Temple   | Entered the Ecumenical Temple
  3784 | Temple   | Became a worshipper of Dithmenos the Shadowed
  4027 | D:4      | Reached skill level 6 in Hexes
  4088 | D:4      | Noticed Vesto's ghost (weakling MiFi)
  4712 | D:4      | Found a deep blue altar of Sif Muna.
  4759 | D:5      | Entered Level 5 of the Dungeon
  4759 | D:5      | Noticed a phantom
  4807 | D:4      | Killed a phantom
  4807 | D:4      | Reached XP level 7. HP: 21/32 MP: 2/11
  5133 | D:5      | Reached skill level 7 in Hexes
  5733 | D:6      | Noticed Prince Ribbit
  5751 | D:5      | Gained mutation: You have razor-sharp teeth. [Vine Stalker growth]
  5751 | D:5      | Reached XP level 8. HP: 35/36 MP: 8/12
  5758 | D:6      | Slain by Prince Ribbit

Vault maps used:
D:1:      lemuel_arrival_behind_the_door_large
D:2:      xom_teletrap_fun
D:3:      minmay_divided_ellipse
D:4:      first_bread, tgw_sif
D:6:      nicolae_ossuary_entry_false_entrances, uniq_menkaure, uniq_duvessa,
          uniq_prince_ribbit1
Temple:   minmay_crystal_snake_temple

Skill      XL: |  1  2  3  4  5  6  7 |
---------------+----------------------+-----
Short Blades   | 1 2 3 4 |  4.7
Hexes          | 4 5 6 7 |  7.7
Dodging        | |  1.5
Stealth        | |  3.6
Spellcasting   | |  2.1

Action                   |  1- 3 |  4- 6 |  7- 9 || total
-------------------------+-------+-------+-------++-------
Melee: Dagger            |   126 |   248 |    66 ||   440
       Bite              |    26 |    46 |    18 ||    90
Throw: Javelin           |       |     1 |     2 ||     3
 Cast: Corona            |    10 |       |       ||    10
       Ensorcelled Hiber |     3 |    24 |     7 ||    34
       Confuse           |     1 |    15 |     5 ||    21
  Use: Scroll            |       |     9 |     2 ||    11
 Stab: Sleeping          |     9 |    23 |    10 ||    42
       Confused          |       |     3 |     3 ||     6
  Eat: Chunk             |     3 |    12 |     3 ||    18
       Royal jelly       |       |       |     1 ||     1
Armor: Robe              |    34 |    63 |    13 ||   110
Dodge: Dodged            |    98 |   132 |    19 ||   249
